 Dungeon Crawl Stone Soup version 0.29.1-2-gbd0b4ee654 (webtiles) character file.

Game seed: 12888077814112441725

80 croobank the Conjurer (level 4, -5/31 HPs)
             Began as a Demonspawn Conjurer on Oct 28, 2022.
             Was an Initiate of Gozag.
             Slain by a gnoll
             ... wielding a +0 flail of holy wrath
              (9 damage)
             ... on level 2 of the Dungeon.
             The game lasted 00:07:15 (1910 turns).

croobank the Conjurer (Demonspawn Conjurer)         Turns: 1910, Time: 00:07:15

Health: -5/31      AC:  2    Str:  7    XL:     4   Next: 18%
Magic:  0/7        EV:  6    Int: 22    God:    Gozag
Gold:   171        SH:  0    Dex: 11    Spells: 2/8 levels left

rFire   . . .      SeeInvis .   g - +0 dagger
rCold   . . .      Faith    .   (no shield)
rNeg    . . .      Spirit   .   a - +0 robe
rPois   .          Reflect  .   (no helmet)
rElec   .          Harm     .   (no cloak)
rCorr   .          Rampage  .   (no gloves)
Will    +....                   (no boots)
Stlth   ++........              (no amulet)
HPRegen 0.10/turn               p - ring of willpower
MPRegen 0.10/turn               (no ring)

@: held
A: powered by death 1, weakness stinger 1
a: Renounce Religion, Potion Petition, Call Merchant, Bribe Branch


You were on level 2 of the Dungeon.
You worshipped Gozag.
Gozag was aware of your devotion.
You visited 1 branch of the dungeon, and saw 2 of its levels.

You collected 204 gold pieces.
You paid 33 gold pieces to Gozag.

Inventory:

Hand Weapons
 g - a +0 dagger (weapon)
Armour
 a - a +0 robe (worn)
Jewellery
 p - a ring of willpower (left hand)
Scrolls
 c - 2 scrolls of teleportation {unknown}
 d - a scroll of blinking {unknown}
 e - a scroll of noise {unknown}
 f - 2 scrolls of enchant armour {unknown}
 l - a scroll of enchant weapon {unknown}
 o - a scroll of identify {unknown}
Potions
 b - a potion of flight {unknown}
 h - a potion of curing {unknown}
 i - 2 potions of attraction {unknown}
 j - a potion of berserk rage {unknown}
 k - a potion of haste {unknown}
 m - a potion of brilliance {unknown}
 n - a potion of degeneration {unknown}


   Skills:
 + Level 0.9 Fighting
 + Level 2.5 Dodging
 + Level 2.5 Stealth
 + Level 2.6 Spellcasting
 + Level 4.4 Conjurations


You had 2 spell levels left.
You knew the following spells:

 Your Spells              Type           Power      Damage    Failure   Level
a - Magic Dart            Conj           88%        1d7       2%          1
b - Searing Ray           Conj           44%        2d6       3%          2
c - Dazzling Flash        Conj/Hex       24%        N/A       16%         3

Your spell library contained the following spells:

 Spells                   Type           Power      Damage    Failure   Level
 Fulminant Prism          Conj/Hex       6%         3d7       45%         4
 Iskenderun's Mystic Bla  Conj/Tloc      12%        2d5       45%         4


Dungeon Overview and Level Annotations

Branches:
Dungeon (2/15)

Altars:
Gozag


Innate Abilities, Weirdness & Mutations

You regenerate a little health from kills.
You have a small tail.


Message History

The bat hits you but does no damage.
You climb upwards.
There is a stone staircase leading down here.
You climb downwards.
The bat barely misses you.
The gnoll throws a throwing net.
The throwing net hits you.
You become entangled in the net!
The bat barely misses you.
There is a stone staircase leading up here.
You see here a throwing net.
You struggle against the net.
The bat hits you but does no damage. The bat hits you.
Casting: Magic Dart (safe; 2% risk of failure)
Confirm with . or Enter, or press ? or * to list all spells.
Casting: Dazzling Flash (quite dangerous; 16% risk of failure)
Press: ? - help, Dir - look around, f - activate The gnoll is dazzled.
The bat hits you. The gnoll closely misses you.
The gnoll hits you from afar with a +0 spear.
The bat hits you. The gnoll barely misses you.
Casting: Dazzling Flash (quite dangerous; 16% risk of failure)
Confirm with . or Enter, or press ? or * to list all spells.
Aiming: Searing Ray (safe; 3% risk of failure)
Press: ? - help, Shift-Dir - straight line, f - gnoll
Aim: a gnoll, wielding a +0 flail of holy wrath (81% to hit)
The searing ray hits the gnoll.
The gnoll is heavily wounded. (Press . to maintain the ray.)
The bat barely misses you. The bat completely misses you.
The gnoll hits you from afar with a +0 spear!
Casting: Searing Ray (safe; 3% risk of failure)
Confirm with . or Enter, or press ? or * to list all spells.
Restarting spell: Searing Ray (safe; 3% risk of failure)
Press: ? - help, Shift-Dir - straight line, f - gnoll, p - gnoll
Aim: a gnoll, wielding a +0 spear (81% to hit)
The searing ray misses the gnoll. (Press . to maintain the ray.)
The bat barely misses you. The gnoll hits you but does no damage.
The gnoll hits you with a +0 flail of holy wrath!
* * * LOW HITPOINT WARNING * * *
You convulse!
You die...
Your body crumbles into a pile of gold. #.##..#....######### ...........#.###. ....#.............. ...............###. ....#.......##..# P.PPB

..#......)###.##.. P..P.
#####.....b..###.....
...PP.........g............
PP..P. #)..g.@....#####...
....P.###..#.g#####........
.P.gP...g..................
gP.P...#...<..............#
#..#.........########
#..##.##.........#
#.......########
...........# ....###.#####


You could see 3 gnolls and a bat.

Vanquished Creatures
  4 adders (D:2)
  2 ball pythons (D:1)
  4 endoplasms (D:1)
  A giant cockroach (D:1)
  4 goblins
  6 hobgoblins
  6 jackals
  7 bats
  2 kobolds (D:2)
  4 rats
40 creatures vanquished.

Vanquished Creatures (others)
  2 plants (D:2)
2 creatures vanquished.

Grand Total: 42 creatures vanquished

Notes
Turn   | Place    | Note
-------+----------+-------------------------------------------
     0 | D:1      | croobank the Demonspawn Conjurer began the quest for the
                  | Orb.
     0 | D:1      | Reached XP level 1. HP: 13/13 MP: 3/3
   324 | D:1      | Gained mutation: You regenerate a little health from kills.
                  | [demonic ancestry]
   324 | D:1      | Reached XP level 2. HP: 16/19 MP: 0/5
   561 | D:1      | Learned a level 2 spell: Searing Ray
  1225 | D:1      | Reached XP level 3. HP: 21/24 MP: 1/6
  1383 | D:2      | Found an opulent altar of Gozag.
  1391 | D:2      | Became a worshipper of Gozag Ym Sagoz the Greedy
  1742 | D:2      | Gained mutation: You have a small tail. [demonic ancestry]
  1742 | D:2      | Reached XP level 4. HP: 27/31 MP: 0/7
  1841 | D:2      | Learned a level 3 spell: Dazzling Flash
  1910 | D:2      | Slain by a gnoll

Illustrated notes

Levels and vault maps discovered:
D:1:      lightli_arrival_noodles, layout_loops_corners
D:2:      minmay_angry_zag, layout_rooms, basic_altar, nicolae_grassy_gnolls

Skill      XL: |  1 |
---------------+----+-----
Dodging        | 2 |  2.5
Stealth        | 2 |  2.5
Fighting       | |  0.9
Spellcasting   | |  2.6
Conjurations   | |  4.4

Action                   |  1- 3 |  4- 6 || total
-------------------------+-------+-------++-------
Melee: Unarmed           |     2 |       ||     2
       Dagger            |     3 |       ||     3
 Cast: Magic Dart        |    69 |     7 ||    76
       Searing Ray       |     1 |     2 ||     3
       Dazzling Flash    |       |     1 ||     1
  Use: Potion            |     1 |       ||     1
 Stab: Sleeping          |     3 |       ||     3
Armor: Robe              |     4 |     4 ||     8
Dodge: Dodged            |    14 |     8 ||    22
